 Dungeon Crawl Stone Soup version 0.15.2 (webtiles) character file.

1 Goblin1989 the Practitioner (level 1, 0/9 HPs)
             Began as a Vine Stalker Healer on May 25, 2017.
             Was a Believer of Elyvilon.
             Slain by a hobgoblin
             ... wielding a +0 club
              (2 damage)
             ... on Level 1 of the Dungeon.
             The game lasted 00:00:49 (99 turns).

Goblin1989 the Practitioner (Vine Stalker Healer)     Turns: 99, Time: 00:00:50

HP   0/9         AC  3     Str 14      XL: 1   Next: 20%
MP   0/1         EV 12     Int 12      God: Elyvilon [**....]
Gold 6           SH  0     Dex 13      Spells:  0 memorised,  0 levels left

rFire  . . .     SeeInvis .     (no weapon)
rCold  . . .     Clarity  .     a - +1 robe
rNeg   . . .     rCorr    .     (no shield)
rPois  .         rRot     +     (no helmet)
rElec  .         Spirit   +     (no cloak)
SustAb .         Warding  .     (no gloves)
rMut   .         Stasis   .     (no boots)
Gourm  .                        (no amulet)
MR     .....                    (no ring)
                                (no ring)

@: not resistant to hostile enchantments, very unstealthy
A: fangs 2, regeneration 1, magic shield, antimagic bite, no device heal 3, rot
immunity
a: Lesser Healing, Lesser Self-Healing, Divine Protection, Purification,
Renounce Religion


You were on level 1 of the Dungeon.
You worshipped Elyvilon.
Elyvilon was pleased with you.
You were not hungry.

You visited 1 branch of the dungeon, and saw 1 of its levels.

You collected 6 gold pieces.

Inventory:

Armour
 a - a +1 robe (worn)
Comestibles
 d - 3 bread rations {@e1}
Potions
 b - a potion of curing {@q1}


   Skills:
 - Level 0.8 Fighting
 + Level 1.7 Dodging
 - Level 2.6 Invocations


You couldn't memorise any spells.
You didn't know any spells.

Dungeon Overview and Level Annotations

Branches:
Dungeon (1/15)

Altars:


Innate Abilities, Weirdness & Mutations

You have extremely sharp teeth.
Your natural rate of healing is unusually fast.
When hurt, damage is shared between your health and your magic reserves.
Your bite disrupts and absorbs the magic of your enemies.
Potions and wands cannot restore your health.
You are immune to rotting.


Message History

Welcome, Goblin1989 the Vine Stalker Healer.
Will you prevail where others failed? Will you get the Orb of Zot?
Elyvilon says: Go forth and aid the weak!
Press ? for a list of commands and other information.
Found a staircase leading out of the dungeon.
Saving game... please wait.
Welcome back, Goblin1989 the Vine Stalker Healer.
Elyvilon says: Go forth and aid the weak!
Press ? for a list of commands and other information.
You now have 6 gold pieces.
A rat comes into view.
You hit the rat.
The rat is heavily wounded.
The rat twitches its whiskers.
The rat barely misses you.
You hit the rat but do no damage. Your bite misses the rat.
The rat is heavily wounded.
The rat barely misses you.
You hit the rat. Your bite misses the rat.
The rat is severely wounded.
The rat bites you.
You take 2 damage, and have 7/9 hp.
MASSIVE DAMAGE!!
You closely miss the rat.
The rat is severely wounded.
The rat bites you but does no damage.
You closely miss the rat. Your bite misses the rat.
The rat is severely wounded.
The rat barely misses you.
You hit the rat but do no damage.
The rat is severely wounded.
The rat bites you but does no damage.
You hit the rat.
You kill the rat!
You see here a rat corpse.
You start resting.
HP restored.
Health restored: 9 You see here a rat corpse.
A rat comes into view.
You hit the rat.
The rat is moderately wounded.
The rat barely misses you.
You hit the rat.
You kill the rat!
d - 3 bread rations {@e1} (gained 1)
You see here 3 javelins.
You offer a prayer to Elyvilon.
The 3 javelins barely shimmer and break into pieces.
Elyvilon is pleased with you.
A rat and a hobgoblin come into view.
Found a stone staircase leading down.
The hobgoblin hits you with a club.
You take 3 damage, and have 6/9 hp.
MASSIVE DAMAGE!!
You hit the hobgoblin but do no damage. You hit the hobgoblin but do no damage.
You bite the hobgoblin, but do no damage.
The hobgoblin hits you but does no damage.
You hit the hobgoblin but do no damage. Your bite misses the hobgoblin.
The hobgoblin misses you.
You barely miss the hobgoblin. Your bite misses the hobgoblin.
The hobgoblin hits you with a club.
* * * LOW HITPOINT WARNING * * *
You take 3 damage, and have 3/9 hp.
MASSIVE DAMAGE!!
You closely miss the hobgoblin. The hobgoblin misses you.
You completely miss the hobgoblin. The hobgoblin barely misses you.
You closely miss the hobgoblin. You bite the hobgoblin. You drain its power.
The hobgoblin is lightly wounded.
The hobgoblin hits you with a club.
* * * LOW HITPOINT WARNING * * *
The rat barely misses you.
You take 2 damage, and have 2/9 hp.
MASSIVE DAMAGE!!
You hit the hobgoblin but do no damage.
The hobgoblin is lightly wounded.
The rat misses you. The hobgoblin hits you with a club.
You die...

###.# # # ..#.# # .##
#.# #.#.# # # ..# #.#
#.#.######
#.####.#.#.###.#.#.....
##.>....................
........###.###.#.#.####
.........# #.# #.#.#.#
.......g@###.# #.#.#.#
.........r.#.# #.#.#.##
####+##.#.#.###.#.#.#...
#.#[...##.#.....#.
#...............#.
#.....#......###.##
#.....+......#..
.......########..#
♣#...... #.##


You could see a hobgoblin and a rat.

Vanquished Creatures
  2 rats (D:1)
2 creatures vanquished.

Notes
Turn   | Place    | Note
--------------------------------------------------------------
     0 | D:1      | Goblin1989, the Vine Stalker Healer, began the quest for the Orb.
     0 | D:1      | Reached XP level 1. HP: 9/9 MP: 1/1
    99 | D:1      | Slain by a hobgoblin

Action                   || total
-------------------------++-------
Melee: Unarmed           ||    17

Vault maps used:
D:1:      minmay_arrival_diagonal_passages, serial_bayou_pond_c, st_stairs_4,
          minmay_tree_intersection
